 Dungeon Crawl Stone Soup version 0.29-a0-914-g906f1d757c (webtiles) character file.

Game seed: 15686492416999257999

953 Aviak the Magician (level 8, -3/58 HPs)
             Began as a Djinni Conjurer on July 26, 2022.
             Slain by an orc
             ... wielding a +0 mace
              (5 damage)
             ... on level 5 of the Dungeon.
             The game lasted 00:07:42 (4846 turns).

Aviak the Magician (Djinni Conjurer)                Turns: 4846, Time: 00:07:43

Health: -3/58      AC:  6    Str:  8    XL:     8   Next: 36%
Gold:   105        EV: 10    Int: 22    God:
                   SH:  0    Dex: 17

rFire   + + .      SeeInvis .   g - +8 trident "Sijigur" {flame, Str+2 Dex+5}
rCold   x . .      Faith    .   (no shield)
rNeg    . . .      Spirit   .   j - +0 ring mail {rPois}
rPois   ∞          Reflect  .   n - +0 helmet
rElec   .          Harm     .   (no cloak)
rCorr   .          Rampage  .   (no gloves)
Will    .....                   (boots unavailable)
Stlth   +.........              (no amulet)
HPRegen 0.19/turn               (no ring)
MPRegen 0.00/turn               (no ring)

@: about to teleport, flying
A: sickness immunity, fire resistance 2, cold vulnerability 1, float, innate
caster, HP casting, extra vitality 1
a: no special abilities


You were on level 5 of the Dungeon.
You visited 1 branch of the dungeon, and saw 5 of its levels.
You also visited: Ossuary.

You collected 105 gold pieces.

Inventory:

Hand Weapons
 d - a +0 dagger
 g - the +8 trident "Sijigur" (weapon) {flame, Str+2 Dex+5}
   (You found it on level 2 of the Dungeon)

   It burns those it strikes, dealing additional fire damage.
   Str:       It affects your strength (+2).
   Dex:       It affects your dexterity (+5).
Armour
 a - a +0 robe
 j - a +0 ring mail of poison resistance (worn)
 n - a +0 helmet (worn)
Jewellery
 k - an amulet of reflection
 o - a ring of wizardry
Scrolls
 b - 2 scrolls of blinking {unknown}
 f - 2 scrolls of enchant weapon {unknown}
 i - a scroll of vulnerability {unknown}
 l - a scroll of noise {unknown}
 m - a scroll of fear {unknown}
 q - a scroll of magic mapping {unknown}
 r - a scroll of amnesia {unknown}
 v - a scroll of enchant armour {unknown}
Potions
 c - 4 potions of curing
 e - a potion of might
 h - 2 potions of heal wounds
 p - 2 potions of degeneration {!q!q}
 s - 2 potions of brilliance
 u - 2 potions of invisibility


   Skills:
 + Level 4.4 Fighting
 - Level 2.0 Polearms
 + Level 2.5 Armour
 - Level 2.1 Dodging
 - Level 1.5 Stealth
 * Level 6.1 Spellcasting


You couldn't memorise any spells.
You knew the following spells:

 Your Spells              Type           Power      Damage    Failure   Level
a - Magic Dart            Conj           100%       1d8       1%          1
b - Searing Ray           Conj           66%        2d6       3%          2
c - Dazzling Flash        Conj/Hex       66%        N/A       6%          3
d - Fulminant Prism       Conj/Hex       16%        3d11      21%         4
e - Iskenderun's Mystic   Conj/Tloc      33%        2d8       21%         4
f - Freeze                Ice            100%       1d11      1%          1
g - Ensorcelled Hibernat  Hex/Ice        66%        N/A       3%          2
h - Stone Arrow           Conj/Erth      66%        3d11      6%          3
Your spell library was empty.

Dungeon Overview and Level Annotations

Branches:
Dungeon (5/15) Zot: 25472 Ossuary (visited)
 Temple: D:4-7

Altars:
Elyvilon
Makhleb

Shops:
D:1 *   D:4 :[


Innate Abilities, Weirdness & Mutations

You are immune to sickness and miasma.
You are immune to poison.
Your flesh is very heat resistant. (rF++)
You are vulnerable to cold. (rC-)
You float through the air rather than walking.
You learn spells naturally, not from books.
Your magical power is your life essence.
You have superior vitality. (+4 MHP)


Message History

You puncture the ice beast!
You melt the ice beast.
The ice beast is severely wounded.
The ice beast hits you. The ice beast freezes you!
You feel a terrible chill!
* * * LOW HITPOINT WARNING * * *
The ice beast barely misses you.
As you read the scroll of teleportation, it crumbles to dust.
You feel strangely unstable. The ice beast barely misses you.
The ice beast attacks as you move away!
The ice beast hits you but does no damage.
Your surroundings suddenly seem different. 3 gnolls, an ogre, 2 gnoll boudas and 7 orcs come into view.
Found a smoky golden potion, 5 stones, 10 gold pieces and a falchion.
The orc shouts! x2; The gnoll bouda shouts!
The gnoll shouts!
The orc shouts! x2
The gnoll bouda shouts!
The gnoll shouts!
The orc shouts!
The gnoll bouda barks out a call to the hunt!
The gnolls pick up the pace!
The orc hits you with a +0 dagger.
* * * LOW HITPOINT WARNING * * *
The orc barely misses you.
The ogre shouts!
Unknown command.
As you read the scroll of teleportation, it crumbles to dust.
You feel strangely unstable.
You hear a shout!
The orc hits you with a +0 club.
* * * LOW HITPOINT WARNING * * *
The gnoll bouda barks out a call to the hunt!
The gnoll bouda picks up the pace!
The orc barely misses you. The orc hits you but does no damage.
Unknown command.
Unknown command.
The orc attacks as you move away! The orc hits you but does no damage.
The orc attacks as you move away! The orc hits you with a +0 club.
* * * LOW HITPOINT WARNING * * *
Unknown command.
Unknown command.
The orc attacks as you move away! The orc hits you with a +0 club.
* * * LOW HITPOINT WARNING * * *
The orc hits you with a +0 mace.
You die...

###+#########
#$#....g.....
#!#o.go.o....
#(#@goO.g....
#)+.ooo.g....
# ###########


You could see an ogre, 2 gnoll boudas, 3 gnolls and 7 orcs.

Vanquished Creatures
  A black bear (D:4)
  A phantom (D:4)
  3 elf zombies
  A necrophage (D:5)
  A howler monkey (D:4)
  2 centaur zombies (Ossuary)
  3 orc priests (D:3)
  A hound (D:5)
  2 human zombies
  An orc wizard (D:3)
  A human skeleton (D:4)
  2 mummies (Ossuary)
  5 adders
  3 adder zombies (Ossuary)
  A worm (D:2)
  6 dart slugs
  2 orcs
  2 bats
  4 endoplasms
  6 giant cockroaches
  9 goblins
  5 hobgoblins (D:1)
  7 jackals
  2 quokkas
  8 ball pythons
  2 frilled lizards
  A goblin zombie (Ossuary)
  13 hobgoblin zombies (Ossuary)
  A jackal zombie (Ossuary)
  4 kobolds
  7 kobold zombies (Ossuary)
  An orc skeleton (D:4)
  8 orc zombies
  6 rats
  A rat zombie (Ossuary)
123 creatures vanquished.

Notes
Turn   | Place    | Note
-------+----------+-------------------------------------------
     0 | D:1      | Aviak the Djinni Conjurer began the quest for the Orb.
     0 | D:1      | Aviak set off with the following spells memorised: Magic
                  | Dart, Searing Ray, Dazzling Flash, Fulminant Prism,
                  | Iskenderun's Mystic Blast.
     0 | D:1      | Reached XP level 1. HP: 15/15 MP: 0/0
   173 | D:1      | Found Raliw's General Store.
   178 | D:1      | Reached XP level 2. HP: 18/22 MP: 0/0
   645 | D:1      | Reached skill level 1 in Fighting
   773 | D:1      | Reached XP level 3. HP: 7/27 MP: 0/0
   773 | D:1      | Learned a level 1 spell: Freeze
  1400 | D:1      | Found a faded altar of an unknown god.
  1749 | D:2      | Identified the +8 trident "Sijigur" {flame, Str+2 Dex+5}
  1891 | D:2      | Reached XP level 4. HP: 17/32 MP: 0/0
  2010 | D:2      | Reached skill level 4 in Spellcasting
  2464 | D:2      | You are sucked into a shaft and drop 1 floor!
  2563 | D:3      | Found a burning altar of Makhleb.
  2987 | D:3      | Reached skill level 1 in Polearms
  2987 | D:3      | Reached XP level 5. HP: 33/38 MP: 0/0
  2987 | D:3      | Learned a level 2 spell: Ensorcelled Hibernation
  3043 | D:3      | Reached XP level 6. HP: 41/45 MP: 0/0
  3352 | D:4      | Noticed a black bear
  3359 | D:4      | Killed a black bear
  3493 | D:4      | Reached skill level 5 in Spellcasting
  3656 | D:4      | Found Zitypt's Antique Armour Shop.
  3690 | D:4      | Reached XP level 7. HP: 45/50 MP: 0/0
  3690 | D:4      | Learned a level 3 spell: Stone Arrow
  3726 | D:4      | Found Fuhypley's Book Boutique.
  3804 | D:4      | Found a sand-covered staircase.
  3817 | Ossuary  | Entered an ossuary
  3986 | Ossuary  | Reached skill level 1 in Armour
  4074 | Ossuary  | Reached XP level 8. HP: 48/58 MP: 0/0
  4529 | D:4      | Reached skill level 6 in Spellcasting
  4624 | D:5      | Entered Level 5 of the Dungeon
  4824 | D:5      | Found a white marble altar of Elyvilon.
  4846 | D:5      | HP: 2/58 [orc/+0 club (3)]
  4846 | D:5      | Slain by an orc

Illustrated notes

Levels and vault maps discovered:
D:1:      amcnicky_arrival_flooded_fountain, layout_loops_ring,
          shapermc_ecumenical_altar_hornbeckon, serial_shops,
          nicolae_shop_waterfront, chequers_garden
D:2:      layout_basic, serial_park_tiny_pond
D:3:      layout_loops_cross, bloody_makhleb
D:4:      layout_basic, serial_shops, shop, nicolae_square_shop,
          nicolae_ossuary_entry_catacombs, grunt_ministairs_9
D:5:      lemuel_castle_with_subvaults [lemuel_castle_interior_carwin_1],
          layout_basic, kennysheep_mini_moat, corexii_checkpoint_b

Skill      XL: |  1  2  3  4  5  6  7  8 |
---------------+-------------------------+-----
Fighting       | 1 2 3 4 |  4.4
Spellcasting   | 4 5 6 |  6.1
Polearms       | 1 2 |  2.0
Armour         | 1 2 |  2.5
Dodging        | |  2.1
Stealth        | |  1.5

Action                   |  1- 3 |  4- 6 |  7- 9 || total
-------------------------+-------+-------+-------++-------
Melee: Trident           |     7 |    63 |   161 ||   231
       Punch             |       |     1 |     1 ||     2
 Cast: Magic Dart        |    66 |     2 |       ||    68
       Searing Ray       |     1 |     2 |       ||     3
       Freeze            |     1 |       |       ||     1
  Use: Potion            |       |     4 |       ||     4
       Scroll            |       |       |     6 ||     6
 Stab: Sleeping          |     2 |     4 |     6 ||    12
Armor: Robe              |     5 |     1 |       ||     6
       Ring mail         |       |    14 |    44 ||    58
Dodge: Dodged            |    11 |    27 |    55 ||    93

Table legend: (Time is in decaauts)
 A = Elapsed time spent in this place.
 B = Non-inter-level travel time spent in this place.
 C = Inter-level travel time spent in this place.
 D = Time resting spent in this place.
 E = Time spent auto-exploring this place.
 F = Levels seen in this place.
 G = Mean time per level.
                   A        B        C        D        E       F      G
               +--------+--------+--------+--------+--------+-----+--------+
         Total |   4893 |   4793 |    100 |    567 |   3340 |   6 |  815.5 |
       Dungeon |   4526 |   4426 |    100 |    567 |   3157 |   5 |  905.2 |
       Ossuary |    367 |    367 |      0 |      0 |    183 |   1 |  367.0 |
               +--------+--------+--------+--------+--------+-----+--------+

Top non-repeatable levels by time:
     D:1: 1582 daAuts
     D:4: 1053 daAuts
     D:2: 888 daAuts
     D:3: 776 daAuts
 Ossuary: 367 daAuts
     D:5: 225 daAuts
